 Dungeon Crawl Stone Soup version 0.30-a0-210-g01b79a254e (webtiles) character file.

Game seed: 3086166276076525537

78 slphil the Covered (level 4, -2/40 HPs)
             Began as an Armataur Fighter on Oct 5, 2022.
             Slain by Sigmund
             ... wielding a +0 scythe
              (6 damage)
             ... on level 3 of the Dungeon.
             The game lasted 00:03:08 (2043 turns).

slphil the Covered (Armataur Fighter)               Turns: 2043, Time: 00:03:08

Health: -2/40      AC:  8    Str: 24    XL:     4   Next: 15%
Magic:  4/4        EV:  7    Int:  8    God:
Gold:   171        SH:  4    Dex:  9    Spells: 3/3 levels left

rFire   . . .      SeeInvis .    a - +0 flail
rCold   . . .      Faith    .    c - +0 buckler
rNeg    . . .      Spirit   .    b - +0 scale mail
rPois   .          Reflect  .    (no helmet)
rElec   .          Harm     .    g - +0 cloak
rCorr   .          Roll     +    (no gloves)
Will    .....                    (no barding)
Stlth   ..........               (no amulet)
HPRegen 0.26/turn                n - ring of wizardry
MPRegen 0.09/turn                (no ring)

@: mighty
A: large, rugged brown scales 3, deformed body, armoured tail, roll, long
tongue, awkward tongue
a: no special abilities


You were on level 3 of the Dungeon.
You visited 1 branch of the dungeon, and saw 3 of its levels.

You collected 199 gold pieces.
You spent 28 gold pieces at shops.

Inventory:

Hand Weapons
 a - a +0 flail (weapon)
Armour
 b - a +0 scale mail (worn)
 c - a +0 buckler (worn)
 g - a +0 cloak (worn)
 l - a +0 chain mail
Jewellery
 n - a ring of wizardry (left hand)
Scrolls
 f - 2 scrolls of teleportation {unknown}
 h - 2 scrolls of torment {unknown}
 i - a scroll of poison {unknown}
 j - a scroll of noise {unknown}
 p - a scroll of identify
 q - a scroll of enchant weapon {unknown}
 r - 2 scrolls of blinking {unknown}
Potions
 d - a potion of might
 e - 3 potions of heal wounds {unknown}
 k - 2 potions of berserk rage {unknown}
 m - a potion of haste {unknown}
 o - a potion of attraction {unknown}


   Skills:
 + Level 3.4 Fighting
 * Level 3.5 Maces & Flails
 - Level 3.6 Armour
 - Level 3.2 Shields


You had 3 spell levels left.
You didn't know any spells.
Your spell library contained the following spells:

 Spells                   Type           Power      Damage    Failure   Level
 Apportation              Tloc           0%         N/A       45%         1
 Freeze                   Ice            0%         1d3       45%         1
 Necrotise                Necr           0%         1d4       45%         1
 Summon Small Mammal      Summ           0%         N/A       45%         1
 Frozen Ramparts          Ice            0%         1d1       80%         3
 Gell's Gravitas          Tloc           0%         N/A       80%         3
 Hailstorm                Conj/Ice       0%         3d3       80%         3
 Lesser Beckoning         Tloc           0%         N/A       80%         3
 Teleport Other           Tloc           0%         N/A       80%         3
 Leda's Liquefaction      Hex/Erth       0%         N/A       99%         4
 Lee's Rapid Deconstruct  Erth           0%         3d5*      100%        5
 Statue Form              Tmut/Erth      0%         N/A       100%        6


Dungeon Overview and Level Annotations

Branches:
Dungeon (3/15)

Altars:

Shops:
D:1 (   D:2 ?

Annotations:
D:3 Sigmund


Innate Abilities, Weirdness & Mutations

You are completely covered in rugged brown scales. (AC +3, +7% HP)
Armour fits poorly on your strangely shaped body.
You have a long armoured tail.
You roll when moving toward enemies. (Rampage)
Your long tongue fully drains potion bottles. (2x potion effects)
Your tongue gives you trouble enunciating. (1.5x scroll delay)


Message History

A quokka is nearby!
You roll towards the quokka!
You barely miss the quokka. You tail-slap the quokka.
You kill the quokka!
No target in view!
No target in view!
You see here a quokka corpse.
A rat comes into view.
A rat is nearby!
You roll towards the rat!
You roll towards the rat!
You closely miss the rat. The rat closely misses you.
You closely miss the rat.
Sigmund mumbles some strange words.
Sigmund flickers and vanishes!
Deactivating autopickup; reactivate with Ctrl-A.
The rat bites you but does no damage. x2
You closely miss the rat. Something hits you! The rat closely misses you.
You closely miss the rat. The rat bites you but does no damage.
Something hits you.
You thump the rat!
You kill the rat!
You feel very mighty all of a sudden. Something hits you! Something hits you.
You miss something.
The kobold throws a stone.
You block the stone. Something hits you.
* * * LOW HITPOINT WARNING * * *
You closely miss something. You miss something. Something hits you.
* * * LOW HITPOINT WARNING * * *
You block the kobold's attack.
You barely miss something.
You hear some strange, mumbled words.
A magic dart appears from out of thin air!
The magic dart hits you.
* * * LOW HITPOINT WARNING * * *
The kobold hits you but does no damage.
You thump something! The kobold hits you but does no damage.
Something hits you.
You die...

#..####......#
#........# #.####.K.
##<.# #.....@..
##...###.# #........#
#.........# #.......#.#
.....>..K{#.# #.
###....##@#.# #.
#.#.###.#.# #. #.#..
#.#.# ...# #.##
#.#..##.#.###..## #...
#.............# #..#
##.##.#.####..####..##
# #.#.####..#......)
##.##......#..#.##..##
.........##.#..#.##..#.


You could see a kobold.

Vanquished Creatures
  2 adders
  A worm (D:2)
  2 dart slugs
  7 endoplasms
  2 giant cockroaches (D:1)
  2 goblins
  5 hobgoblins (D:1)
  10 kobolds
  4 quokkas
  5 ball pythons
  2 bats
  7 rats
49 creatures vanquished.

Notes
Turn   | Place    | Note
-------+----------+-------------------------------------------
     0 | D:1      | slphil the Armataur Fighter began the quest for the Orb.
     0 | D:1      | Reached XP level 1. HP: 19/19 MP: 1/1
   156 | D:1      | Found Ycamem Sisyr's Antique Weapon Emporium.
   171 | D:1      | Reached XP level 2. HP: 26/26 MP: 2/2
   433 | D:1      | Found a faded altar of an unknown god.
   528 | D:1      | Reached XP level 3. HP: 33/33 MP: 3/3
  1086 | D:2      | Found Likk's Magic Scroll Shop.
  1104 | D:2      | Bought a scroll of identify for 28 gold pieces
  1321 | D:2      | Found Fymues's Armour Shoppe.
  1727 | D:3      | Noticed Sigmund
  1834 | D:3      | Reached XP level 4. HP: 36/40 MP: 4/4
  2043 | D:3      | Slain by Sigmund

Illustrated notes

Levels and vault maps discovered:
D:1:      minmay_arrival_four_houses, layout_basic, serial_shops, shop,
          hellmonk_ecumenical_altar_blasted
D:2:      layout_basic, serial_shops, shop, nicolae_shop_window_shopping,
          nrook_mini_vaults, minmay_misc_feat_tiny
D:3:      layout_loops_ring, minmay_misc_feat_rugged, uniq_sigmund

Skill      XL: |  1  2  3 |
---------------+----------+-----
Maces & Flails | 2 3 |  3.5
Fighting       | 3 |  3.4
Armour         | |  3.6
Shields        | |  3.2

Action                   |  1- 3 |  4- 6 || total
-------------------------+-------+-------++-------
Melee: Flail             |   106 |    21 ||   127
       Tailslap          |     7 |     3 ||    10
  Use: Potion            |       |     1 ||     1
Armor: Scale mail        |    46 |     8 ||    54
Dodge: Dodged            |    39 |     6 ||    45
Block: Buckler           |    10 |     3 ||    13

Table legend: (Time is in decaauts)
 A = Elapsed time spent in this place.
 B = Non-inter-level travel time spent in this place.
 C = Inter-level travel time spent in this place.
 D = Time resting spent in this place.
 E = Time spent auto-exploring this place.
 F = Levels seen in this place.
 G = Mean time per level.
                   A        B        C        D        E       F      G
               +--------+--------+--------+--------+--------+-----+--------+
         Total |   2079 |   1984 |     95 |      0 |   1620 |   3 |  693.0 |
       Dungeon |   2079 |   1984 |     95 |      0 |   1620 |   3 |  693.0 |
               +--------+--------+--------+--------+--------+-----+--------+

Top non-repeatable levels by time:
     D:2: 968 daAuts
     D:1: 823 daAuts
     D:3: 286 daAuts
